 Dungeon Crawl Stone Soup version 0.19.0-2-gae57169 (webtiles) character file.

102 Neder the Chopper (level 4, -4/52 HPs)
             Began as a Demonspawn Fighter on Nov 4, 2016.
             Slain by an iguana (8 damage)
             ... on level 3 of the Dungeon.
             The game lasted 00:02:22 (1655 turns).

Neder the Chopper (Demonspawn Fighter)              Turns: 1655, Time: 00:02:23

Health: -4/52      AC: 22    Str: 17    XL:     4   Next: 49%
Magic:  4/4        EV:  2    Int:  9    God:
Gold:   172        SH:  0    Dex: 13    Spells: 0 memorised, 3 levels left

rFire  + . .     SeeInvis .     a - +0 war axe
rCold  + . .     Gourm    .     (armour currently unavailable)
rNeg   + + +     Faith    .     (no shield)
rPois  +         Spirit   .     (helmet currently unavailable)
rElec  +         Reflect  .     (cloak currently unavailable)
rCorr  +         Harm     .     (gloves currently unavailable)
MR     .....     NoTele   +     (boots currently unavailable)
Stlth  +.........               (no amulet)
                                (no ring)
                                (no ring)

@: tree-form, resistant
A: repulsion field 2
a: no special abilities


You were on level 3 of the Dungeon.
You were not hungry.
You were a tree.
You visited 1 branch of the dungeon, and saw 3 of its levels.

You collected 172 gold pieces.

Inventory:

Hand Weapons
 a - a +0 war axe (weapon)
Armour
 b - a +0 scale mail
 p - a +0 chain mail (melded)
Scrolls
 e - 4 scrolls of identify {unknown}
 h - a scroll of blinking {unknown}
 l - a scroll of teleportation {unknown}
 o - a scroll of noise {unknown}
Potions
 c - a potion of lignification
 d - a potion of might
 k - a potion of magic {unknown}
 m - 2 potions of flight {unknown}
 n - a potion of degeneration {unknown}
 q - a potion of brilliance {unknown}
 r - a potion of berserk rage {unknown}
Comestibles
 f - 3 bread rations
 g - a meat ration
 j - 6 fruits


   Skills:
 - Level 3.0 Fighting
 + Level 4.3 Axes
 - Level 2.6 Armour
   Level 2.6 Shields


You had 3 spell levels left.
You didn't know any spells.

Dungeon Overview and Level Annotations

Branches:
Dungeon (3/15)

Altars:
Nemelex Xobeh


Innate Abilities, Weirdness & Mutations

You are surrounded by a moderate repulsion field. (EV +3)


Message History

The orc hits you but does no damage.
The orc priest calls down the wrath of Beogh upon you.
Beogh smites you!
* * * LOW HITPOINT WARNING * * *
The orc throws a tomahawk.
The tomahawk hits you but does no damage.
You are too injured to fight recklessly!
Unknown command.
An orc comes into view. It is wielding a dagger.
The orc barely misses you.
The orc moves out of view.
It was a potion of lignification.
You turn into a tree.
Your +0 chain mail melds into your body.
Your roots penetrate the ground.
The orc hits you but does no damage.
The iguana bites you but does no damage.
The orc hits you but does no damage.
You cannot move.
It was a potion of resistance.
You feel protected. The orc hits you but does no damage. The iguana bites you!
You die...

#### #.### ..... .....
....# .!..# ###.# #.#o# #
# .##.# #o#.# .#.# ###.#
#.#o# ....( # #.#
#.#K#...#.. ###.#######
#ool......[
..........#####.♣##.#.##.
>................# #
..#.#####(######.# .##.#
#.# #.# .##.# #.# #.#
....# #.# #.# ##### #.#
#.# .(. #.# ...


You could see an iguana, an orc priest, 4 orcs and a kobold.

Vanquished Creatures
  3 adders
  An ooze (D:2)
  A dart slug (D:1)
  4 leopard geckos
  3 bats (D:1)
  3 giant cockroaches
  11 goblins
  10 hobgoblins
  7 jackals
  6 kobolds
  A quokka (D:3)
  A ball python (D:2)
  6 frilled lizards
  3 rats
60 creatures vanquished.

Notes
Turn   | Place    | Note
-------+----------+-------------------------------------------
     0 | D:1      | Neder the Demonspawn Fighter began the quest for the Orb.
     0 | D:1      | Reached XP level 1. HP: 18/18 MP: 1/1
    18 | D:1      | Reached skill level 2 in Axes
    99 | D:1      | Gained mutation: You are surrounded by a mild repulsion field. (EV +2) [demonic ancestry]
    99 | D:1      | Reached XP level 2. HP: 24/24 MP: 2/2
   291 | D:1      | Reached skill level 3 in Axes
   413 | D:1      | Gained mutation: You are surrounded by a moderate repulsion field. (EV +3) [demonic ancestry]
   413 | D:1      | Reached XP level 3. HP: 10/29 MP: 3/3
   673 | D:2      | Found a faded altar of an unknown god.
   934 | D:2      | Found a sparkling altar of Nemelex Xobeh.
  1193 | D:2      | Reached XP level 4. HP: 35/35 MP: 4/4
  1303 | D:3      | Reached skill level 4 in Axes
  1655 | D:3      | Slain by an iguana

Skill      XL: |  1  2  3  4 |
---------------+-------------+-----
Axes           | 2 3 4 |  4.3
Fighting       | |  3.0
Armour         | |  2.6
Shields        | |  2.6

Action                   |  1- 3 |  4- 6 || total
-------------------------+-------+-------++-------
Melee: War axe           |   128 |    72 ||   200
  Use: Potion            |       |     2 ||     2
  Eat: Chunk             |       |     3 ||     3
Armor: Scale mail        |    52 |       ||    52
       Chain mail        |    33 |    55 ||    88
       Skin              |       |     3 ||     3
Dodge: Dodged            |    67 |    51 ||   118
Block: Shield            |    47 |       ||    47
